 Dungeon Crawl Stone Soup version 0.24.1 (webtiles) character file.

Game seed: 14189609938939195822, levelgen mode: deterministic

11 Destapler the Sneak (level 2, -1/18 HPs)
             Began as an Octopode Wizard on Mar 27, 2020.
             Slain by a leopard gecko (3 damage)
             ... on level 1 of the Dungeon.
             The game lasted 00:03:33 (296 turns).

Destapler the Sneak (Octopode Wizard)                Turns: 296, Time: 00:03:34

Health: -1/18      AC:  1    Str:  6    XL:     2   Next: 25%
Magic:  1/6        EV: 13    Int: 20    God:
Gold:   7          SH:  0    Dex: 10    Spells: 6/7 levels left

rFire    . . .     SeeInvis .   (no weapon)
rCold    . . .     Gourm    .   (no shield)
rNeg     . . .     Faith    .   a - +0 hat
rPois    .         Spirit   .   (no amulet)
rElec    .         Reflect  .   b - ring of teleportation (curse)
rCorr    .         Harm     .   (no ring)
MR       .....     Rnd*Tele +   (no ring)
Stlth    +++.......             (no ring)
HPRegen  0.06/turn              (no ring)
MPRegen  0.10/turn              (no ring)
                                (no ring)
                                (no ring)

@: very slightly contaminated
A: almost no armour, stealthy swim, amphibious, 8 rings, constrict 8, camouflage
1, gelatinous body 1
a: no special abilities


You were on level 1 of the Dungeon.
You were not hungry.

You visited 1 branch of the dungeon, and saw 1 of its levels.

You collected 7 gold pieces.

Inventory:

Missiles
 d - 20 stones (quivered)
Armour
 a - a +0 hat (worn)
Jewellery
 b - a cursed ring of teleportation (left tentacle)
Potions
 e - a potion of haste {unknown}
Comestibles
 c - 2 rations
 f - 8 chunks of flesh


   Skills:
 + Level 0.7 Fighting
 + Level 2.2 Dodging
 + Level 3.1 Stealth
 - Level 3.0 Spellcasting
 + Level 1.3 Conjurations
   Level 1.0 Summonings
   Level 1.0 Translocations


You had 6 spell levels left.
You knew the following spells:

 Your Spells              Type           Power        Failure   Level  Hunger
a - Magic Dart            Conj           #...         9%          1    None

Your spell library contained the following spells:

 Spells                   Type           Power        Failure   Level  Hunger
 Blink                    Tloc           N/A          14%         2    ##.....
 Call Imp                 Summ           #.......     14%         2    ##.....
 Slow                     Hex            #.......     22%         2    ##.....
 Conjure Flame            Conj/Fire      #.......     32%         3    ###....
 Mephitic Cloud           Conj/Pois/Air  #.......     34%         3    ###....


Dungeon Overview and Level Annotations

Branches:
Dungeon (1/15)

Altars:


Innate Abilities, Weirdness & Mutations

You cannot wear most types of armour.
You are very stealthy in the water. (Stealth+)
You are amphibious.
You can wear up to eight rings at the same time.
You can use your tentacles to constrict eight enemies at once.
Your skin changes colour to match your surroundings (Stealth+).
Your rubbery body absorbs attacks. (AC +1, EV +1)


Message History

The leopard gecko is lightly wounded.
The leopard gecko bites you.
* * * LOW HITPOINT WARNING * * *
Casting: Magic Dart (safe; 9% risk of failure)
Confirm with . or Enter, or press ? or * to list all spells.
Aiming: Magic Dart (safe; 9% risk of failure)
Press: ? - help, Shift-Dir - straight line, f/p - leopard gecko
Aim: a leopard gecko (lightly wounded, clinging)
The magic dart hits the leopard gecko.
The leopard gecko is severely wounded.
The leopard gecko barely misses you.
Casting: Magic Dart (safe; 9% risk of failure)
Confirm with . or Enter, or press ? or * to list all spells.
Aiming: Magic Dart (safe; 9% risk of failure)
Press: ? - help, Shift-Dir - straight line, f/p - leopard gecko
Aim: a leopard gecko (severely wounded, clinging)
The magic dart hits the leopard gecko but does no damage.
The leopard gecko is severely wounded.
The leopard gecko bites you.
You die...

##.....## #.....#
##...## ##.#### ##'##
#.#####. ##### #.#
#....... ....# #.#
#.###### ....
##.########)# #.l
##...#.......#
.####..###......#######
........r.l@....#
.......#####.####
.#####. ### .. ###


You could see a leopard gecko and a rat.

Vanquished Creatures
  2 bats (D:1)
  3 goblins (D:1)
  A hobgoblin (D:1)
  4 rats (D:1)
10 creatures vanquished.

Notes
Turn   | Place    | Note
-------+----------+-------------------------------------------
     0 | D:1      | Destapler the Octopode Wizard began the quest for the Orb.
     0 | D:1      | Reached XP level 1. HP: 11/11 MP: 4/4
   149 | D:1      | Reached XP level 2. HP: 15/18 MP: 0/6
   296 | D:1      | Slain by a leopard gecko

Levels and vault maps discovered:
D:1:      dpeg_arrival_subterranean_lakeside_camping, layout_loops_corners,
          minmay_tromino_i2

Skill      XL: |  1 |
---------------+----+-----
Stealth        | 3 |  3.1
Fighting       | |  0.7
Dodging        | |  2.2
Spellcasting   | |  3.0
Conjurations   | |  1.3
Summonings     | |  1.0
Translocations | |  1.0

Action                   || total
-------------------------++-------
Melee: Unarmed           ||    34
       Constrict         ||     7
       Tentacles         ||     1
 Cast: Magic Dart        ||    15
 Stab: Sleeping          ||     3
Armor: Skin              ||    10
Dodge: Dodged            ||    30
